 Dungeon Sprint DCSS version 0.21-a0-508-gf08a75f (webtiles) character file.

303 InappropriateContent the Reanimator (level 6, -8/41 HPs)
             Began as a Demonspawn Necromancer on Nov 28, 2017.
             Was a Follower of Nemelex Xobeh.
             Shot with a bolt by a yaktaur (9 damage)
             ... in the Dungeon (Sprint V: "Ziggurat Sprint").
             The game lasted 00:06:08 (104 turns).

InappropriateContent the Reanimator (DsNe)           Turns: 104, Time: 00:06:10

Health: -8/41      AC: 20    Str:  9    XL:     6   Next: 15%
Magic:  5/10       EV: -5    Int: 18    God:    Nemelex Xobeh [*.....]
Gold:   0          SH:  0    Dex: 13    Spells: 7/11 levels left

rFire    + . .     SeeInvis .   L - +5 triple crossbow
rCold    + . .     Gourm    .   (shield currently unavailable)
rNeg     . . .     Faith    .   j - +5 gold dragon scales
rPois    +         Spirit   .   (no helmet)
rElec    .         Reflect  .   (no cloak)
rCorr    .         Harm     .   (no gloves)
MR       .....     NoTele   +   (no boots)
Stlth    ..........             (no amulet)
HPRegen  0.13/turn              (no ring)
MPRegen  0.12/turn              (no ring)

@: no status effects
A: talons 1, slimy green scales 2
a: Renounce Religion


You were in the Dungeon.
You worshipped Nemelex Xobeh.
Nemelex Xobeh was aware of your devotion.
You were not hungry.

You visited 1 branch

Inventory:

Hand Weapons
 L - a +5 triple crossbow (weapon)
Missiles
 M - 997 bolts (quivered)
Armour
 a - a +0 robe
 j - +5 gold dragon scales (worn)
 K - the +18 shield of the Gong {rElec rN+ MR+ EV-5}
   (You found it in the Dungeon)

   It affects your evasion (-5).
   It insulates you from electricity.
   It protects you from negative energy.
   It affects your resistance to hostile enchantments.
Magical Staves
 B - an uncursed staff of energy
Jewellery
 C - a +6 ring of dexterity
 D - a +6 ring of dexterity
 E - a +6 ring of intelligence
 F - a +6 ring of intelligence
 G - a +6 ring of strength
 H - a +6 ring of strength
 I - an uncursed ring of flight
Wands
 y - a wand of disintegration (7)
 z - a wand of iceblast (7)
 A - a wand of acid (7)
Scrolls
 i - 4 scrolls of blinking
 m - 4 scrolls of amnesia
 n - 7 scrolls of fog
 o - 5 scrolls of identify
 p - 5 scrolls of remove curse
 q - 2 scrolls of fear
 x - a scroll of holy word
Potions
 d - 10 potions of curing
 e - 9 potions of heal wounds
 f - 6 potions of haste
 g - 7 potions of magic
 h - 3 potions of berserk rage
 r - 2 potions of brilliance
 s - 2 potions of invisibility
 t - 4 potions of resistance
 u - a potion of experience
 v - 5 potions of agility
 w - 5 potions of might
Books
 b - a book of Necromancy

   Spells                             Type                      Level
   a - Pain                           Necromancy                   1
   b - Animate Skeleton               Necromancy                   1
   c - Vampiric Draining              Necromancy                   3
   d - Regeneration                   Charms/Necromancy            3
   e - Animate Dead                   Necromancy                   4
   f - Control Undead                 Necromancy                   4
Miscellaneous
 J - a lightning rod (4/4)
 N - a plain deck of summoning {drawn: 2}
 O - a phantom mirror
Comestibles
 c - 5 bread rations
 k - 42 fruits
 l - 4 meat rations


   Skills:
 + Level 0.3 Crossbows
 + Level 0.7 Armour
 * Level 4.3 Dodging
 - Level 1.7 Stealth
 + Level 3.1 Spellcasting
 * Level 13.0 Necromancy
 + Level 1.5 Invocations


You had 7 spell levels left.
You knew the following spells:

 Your Spells              Type           Power        Failure   Level  Hunger
a - Pain                  Necr           ####         100%        1    None
b - Vampiric Draining     Necr           #####.....   100%        3    ###....


Dungeon Overview and Level Annotations

Branches:
Dungeon (1/1)

Altars:
Ashenzari
Cheibriados
Dithmenos
Elyvilon
Fedhas
Gozag
Hepliaklqana
Kikubaaqudgha
Makhleb
Nemelex Xobeh
Okawaru
Qazlal
Ru
Sif Muna
Trog
Uskayaw
Vehumet
Wu Jian
Xom
Yredelemnul
Zin
The Shining One
Beogh
Jiyva
Lugonu

Annotations:
D 1 transporter


Innate Abilities, Weirdness & Mutations

You have sharp toenails.
You are mostly covered in slimy green scales. (AC +3)


Message History

Your raiju bites the yaktaur!
Your raiju shocks the yaktaur!
There is a transporter landing site here.
You see here 3 bolts.
Firing (i - inventory):
M - 998 bolts (quivered)
Press: ? - help, Shift-Dir - straight line, f - yaktaur
Aim: a yaktaur, wielding an arbalest Really fire in your ally InappropriateContent's illusion's direction?
You shoot a bolt.
The bolt hits InappropriateContent's illusion!
InappropriateContent's illusion is severely wounded.
Your raiju disappears in a puff of smoke!
The yaktaur wields an uncursed arbalest.
The yaktaur shoots a bolt.
The bolt hits you.
InappropriateContent's illusion hits you.
The yaktaur shoots a bolt.
The bolt hits you!
* * * LOW HITPOINT WARNING * * *
InappropriateContent's illusion hits you but does no damage.
The yaktaur shoots a bolt.
The bolt hits you!
You die...
Your body disappears without a glow.

▓▓▓▓▓▓▓▓▓▓▓▓▓
▓.8©8.▓.8©8.▓
▓.(.=.▓.....▓
▓.....▓...).▓
▓.....▓.....▓
▓..c..▓.....▓
▓c@§..▓..©..▓
▓.(@..▓▓▓▓▓▓▓
▓▓▓▓▓▓▓


You could see 2 yaktaurs and InappropriateContent's illusion.

Vanquished Creatures (collateral kills)
  A yaktaur (D)
  A polar bear (D)
  A white imp (D)
3 creatures vanquished.

Vanquished Creatures (others)
  Harold (D)
  Eustachio (D)
  Terence (D)
3 creatures vanquished.

Grand Total: 6 creatures vanquished

Notes
Turn   | Place    | Note
-------+----------+-------------------------------------------
     0 | D        | Found the +6 Majin-Bo {vamp, Archmagi MP+6 Int+6}
     0 | D        | Found the +7 great mace "Firestarter" {inner flame, rF++}
     0 | D        | InappropriateContent the Demonspawn Necromancer began the quest for the Orb.
     0 | D        | Reached XP level 1. HP: 13/13 MP: 3/3
     6 | D        | Killed Terence
    13 | D        | Found a blossoming altar of Fedhas.
    14 | D        | Found a viscous altar of Jiyva.
    14 | D        | Found a hazy altar of Hepliaklqana.
    14 | D        | Found a transporter.
    14 | D        | Found an opulent altar of Gozag.
    14 | D        | Found an ancient bone altar of Kikubaaqudgha.
    14 | D        | Found a corrupted altar of Lugonu.
    17 | D        | Found a burning altar of Makhleb.
    18 | D        | Found a sacrificial altar of Ru.
    18 | D        | Found a stormy altar of Qazlal.
    18 | D        | Found a deep blue altar of Sif Muna.
    18 | D        | Found an iron altar of Okawaru.
    18 | D        | Found a bloodstained altar of Trog.
    18 | D        | Found a sparkling altar of Nemelex Xobeh.
    20 | D        | Killed Eustachio
    44 | D        | Found the +9 heavy crossbow "Sniper" {velocity, Acc+∞ SInv}
    44 | D        | Found the +10 dark maul {crush}
    44 | D        | Found the +15 Maxwell's patent armour {-Cast -Tele rElec MR+ rCorr}
    44 | D        | Found the +18 shield of the Gong {rElec rN+ MR+ EV-5}
    44 | D        | Found the cursed +14 obsidian axe {chop, +Fly SInv *Curse}
    46 | D        | Found the +6 shillelagh "Devastator" {shatter}
    46 | D        | Found the +11 plutonium sword {*Contam Stlth-}
    46 | D        | Found the +8 lance "Wyrmbane" {slay drac, rPois rF+ rC+ AC+3}
    46 | D        | Found the +9 sword of Zonguldrok {reap}
    46 | D        | Found the cursed +13 scythe of Curses {drain, *Curse}
    46 | D        | Found the +0 sword of Power
    46 | D        | Found the -3 mace of Variability {chaos}
    46 | D        | Found the +7 Singing Sword
    46 | D        | Found the +7 longbow "Piercer" {penet, EV-2}
    53 | D        | Became a worshipper of Nemelex Xobeh the Trickster
    54 | D        | Killed Harold
    80 | D        | Entered arena 2.
    80 | D        | Noticed a polar bear
    80 | D        | Received a gift from Nemelex Xobeh
    80 | D        | Found a transporter.
    83 | D        | Reached skill level 5 in Necromancy
    84 | D        | Killed a polar bear
    84 | D        | Reached skill level 10 in Necromancy
    84 | D        | Reached skill level 1 in Invocations
    84 | D        | Gained mutation: You have sharp toenails. [demonic ancestry]
    84 | D        | Reached XP level 2. HP: 18/19 MP: 3/5
    84 | D        | Reached XP level 3. HP: 22/24 MP: 3/6
    84 | D        | Gained mutation: You are partially covered in slimy green scales. (AC +2) [demonic ancestry]
    84 | D        | Reached XP level 4. HP: 28/30 MP: 3/7
    84 | D        | Gained mutation: You are mostly covered in slimy green scales. (AC +3) [demonic ancestry]
    84 | D        | Reached XP level 5. HP: 33/35 MP: 3/8
    89 | D        | Learned a level 3 spell: Vampiric Draining
    98 | D        | Entered arena 3.
    98 | D        | Noticed a yaktaur
    98 | D        | Noticed a yaktaur
    98 | D        | Noticed a yaktaur
    98 | D        | Reached * piety under Nemelex Xobeh
    98 | D        | Found a transporter.
   102 | D        | Killed a yaktaur
   102 | D        | Reached skill level 13 in Necromancy
   102 | D        | Reached XP level 6. HP: 25/41 MP: 5/10
   104 | D        | HP: 1/41 [yaktaur/bolt (16)]
   104 | D        | Shot with a bolt by a yaktaur

Vault maps used:
D:        sprint_v

Skill      XL: |  1  2  3  4  5 |
---------------+----------------+-----
Dodging        | 3 4 |  4.3
Necromancy     | 10 13 | 13.0
Invocations    | 1 |  1.5
Spellcasting   | 3 |  3.1
Crossbows      | |  0.3
Armour         | |  0.7
Stealth        | |  1.7

Action                   |  1- 3 |  4- 6 || total
-------------------------+-------+-------++-------
 Fire: Triple crossbow   |     1 |     3 ||     4
Evoke: Deck              |     1 |     1 ||     2
  Use: Potion            |     1 |       ||     1
Armor: Gold dragon scale |    10 |     4 ||    14

Table legend:
 A = Spawn XP
 B = Non-spawn XP
 C = Spawn XP percentage of total XP
 D = Spawn monster count
 E = Non-spawn monster count
 F = Spawn count percentage of total count
 G = Total turns spent on level
                    A         B        C        D         E        F      G
               +---------+---------+-------+---------+---------+-------+---------
         Total |       0 |     434 |   0.0 |       0 |       3 |   0.0 |   104
               +---------+---------+-------+---------+---------+-------+---------
             D |       0 |     434 |   0.0 |       0 |       3 |   0.0 |   104
               +---------+---------+-------+---------+---------+-------+---------
